 Dungeon Crawl Stone Soup version 0.31-a0-162-gc4c5a43528 (webtiles) character file.

Game seed: 9482688054753956104

6032 qw the Skirmisher (level 10, -1/64 HPs)
             Began as a Gargoyle Hunter on June 12, 2023.
             Was a Believer of Okawaru.
             Slain by a killer bee (3 damage)
             ... on level 9 of the Dungeon.
             The game lasted 00:03:46 (7454 turns).

qw the Skirmisher (Gargoyle Hunter)                 Turns: 7454, Time: 00:03:47

Health: -1/64      AC: 15    Str: 16    XL:     10   Next: 86%
Magic:  12/13      EV: 17    Int:  9    God:    Okawaru [**....]
Gold:   500        SH:  0    Dex: 17    Spells: 9/9 levels left

rFire   . . .        Y - +0 orcbow
rCold   . . .        (shield currently unavailable)
rNeg    + . .        a - +0 steam dragon scales
rPois   inf          (helmet restricted)
rElec   +            m - +0 cloak
rCorr   +            (no gloves)
SInv    .            (no boots)
Will    +....        k - amulet of regeneration
Stlth   +++          e - ring of resist corrosion
HPRegen 1.10/turn    l - ring of willpower
MPRegen 0.13/turn

%: no passive effects
@: heroic
A: sickness immunity, AC +7, negative energy resistance 1, electricity
resistance, torment resistance 1, petrification resistance, antennae 1
a: Renounce Religion, Heroism


You were on level 9 of the Dungeon.
You worshipped Okawaru.
Okawaru was pleased with you.
You visited 2 branches of the dungeon, and saw 10 of its levels.

You collected 500 gold pieces.


Innate Abilities, Weirdness & Mutations

You are immune to sickness and miasma.
Your stone body is resilient. (AC +7)
You are immune to poison.
You resist negative energy. (rN+)
You are resistant to electric shocks. (rElec)
You are resistant to unholy torment.
You are immune to petrification.
You have a pair of small antennae on your head.


   Skills:
 + Level 8.3(13.3) Fighting
 - Level 13.0(18.0) Ranged Weapons
 - Level 3.1(8.1) Armour
 - Level 4.1(9.1) Dodging
 - Level 1.1(6.1) Stealth
 - Level 4.0 Invocations


You had 9 spell levels left.
You didn't know any spells.
Your spell library was empty.

Inventory:

Hand Weapons
 Y - a +0 orcbow (weapon)
Armour
 a - +0 steam dragon scales (worn)
 m - a +0 cloak (worn)
Jewellery
 e - a ring of resist corrosion (left hand)
 k - an amulet of regeneration (around neck)
 l - a ring of willpower (right hand)
Scrolls
 d - 2 scrolls of identify
Potions
 c - a potion of might
 g - 2 potions of mutation
 h - a potion of lignification
 i - a potion of cancellation
 j - a potion of haste
 p - 3 potions of curing

Dungeon Overview and Level Annotations

Branches:
Dungeon (9/15)             Temple (1/1) D:5            Lair (0/5) D:9
    Orc: D:9-12

Altars:
Ashenzari
Cheibriados
Dithmenos
Elyvilon
Fedhas
Gozag
Hepliaklqana
Kikubaaqudgha
Makhleb
Nemelex Xobeh
Okawaru
Qazlal
Ru
Sif Muna
Trog
Uskayaw
Vehumet
Wu Jian
Xom
Yredelemnul
Zin
The Shining One

Shops:
D:1 ([   D:7 :

Annotations:
D:7 1 runed translucent door, Crazy Yiuf


Message History

The arrow hits the plant.
The plant begins to die.
The plant is lightly damaged.
The killer bee stings you but does no damage.
The killer bee barely misses you. The killer bee stings you!
The killer bee completely misses you.
You shoot an arrow. The arrow misses the killer bee.
The arrow hits the plant!
The plant is lightly damaged.
The killer bee barely misses you. The killer bee completely misses you.
The killer bee barely misses you. x2
You shoot an arrow.
The arrow hits the killer bee but does no damage.
The killer bee barely misses you.
The killer bee stings you but does no damage.
The killer bee closely misses you. The killer bee stings you!
The killer bee barely misses you.
You shoot an arrow. The arrow barely misses the killer bee.
The arrow hits the plant!
The plant is lightly damaged.
A nearby plant withers and dies.
The killer bee stings you. x2
The killer bee stings you but does no damage.
The killer bee completely misses you.
You shoot an arrow.
The arrow hits the killer bee but does no damage.
The killer bee misses you.
The killer bee stings you but does no damage.
The killer bee barely misses you. The killer bee misses you.
You shoot an arrow. The arrow misses the killer bee.
The killer bee completely misses you. The killer bee stings you.
The killer bee stings you but does no damage.
The killer bee barely misses you. The killer bee closely misses you.
You shoot an arrow. The arrow misses the killer bee.
The killer bee stings you! The killer bee closely misses you.
The killer bee stings you but does no damage.
The killer bee misses you.
You shoot an arrow. The arrow barely misses the killer bee.
The killer bee misses you. The killer bee barely misses you.
The killer bee misses you. The killer bee stings you!
You shoot an arrow. The arrow misses the killer bee.
The killer bee barely misses you. The killer bee stings you.
You die... ####.###### ######## ##.#..... #.### #.'..... #...## #### ####.... ###..# PP.PP

##### ##.## .....
#..# ...... #####'###
####...PP.
#.).....####.%y......
#............@yy.....
#
#.......#######yPPPP.
## #.......# .....
.###.......# ....
...'/......#


PPP ####.......# ## #.......# ######### You could see 4 killer bees.

Vanquished Creatures
  Pikel (D:4)
  A komodo dragon (D:9)
  A troll (D:9)
  A queen bee (D:9)
  Sigmund (D:3)
  A wyvern (D:9)
  6 yaks (D:8)
  3 steam dragons (D:8)
  Menkaure (D:7)
  An acid dragon (D:9)
  Edmund (D:4)
  2 sky beasts
  2 ice beasts
  An orc warrior (D:9)
  A black bear (D:5)
  2 centaurs
  5 bullfrogs
  A scorpion (D:5)
  A gnoll sergeant (D:9)
  5 wights (D:8)
  A killer bee (D:9)
  4 howler monkeys
  2 gnoll boudas
  7 hounds
  A jelly (D:6)
  4 orc priests
  Ijyb (D:3)
  Natasha (twice) (D:3)
  2 iguanas
  15 orc wizards
  A statue (D:6)
  Robin (D:4)
  10 adders
  18 gnolls
  A white imp (D:6)
  An ufetubus (D:6)
  2 worms
  3 dart slugs
  26 orcs
  8 endoplasms
  A giant cockroach (D:4)
  18 goblins
  9 hobgoblins
  13 jackals
  9 kobolds
  4 quokkas
  7 ball pythons
  2 bats (D:1)
  2 frilled lizards
  2 rats (D:2)
215 creatures vanquished.

Notes
Turn   | Place    | Note
-------+----------+-------------------------------------------
     0 | D:1      | qw the Gargoyle Hunter began the quest for the Orb.
     0 | D:1      | Reached XP level 1. HP: 12/12 MP: 1/1
     0 | D:1      | 0 ||| qw: Version: 0.2-a-29-gc1b59c4
     0 | D:1      | 0 ||| qw: Game counter: 4323
     0 | D:1      | 0 ||| qw: Always use a shield: true
     0 | D:1      | 0 ||| qw: God list: Okawaru
     0 | D:1      | 0 ||| qw: Allow faded altars: false
     0 | D:1      | 0 ||| qw: Do Orc after D:15 true
     0 | D:1      | 0 ||| qw: Do second Lair branch before Depths: true
     0 | D:1      | 0 ||| qw: Lair rune preference: random
     0 | D:1      | 0 ||| qw: Plans: Normal, Zot:1-4, Slime:5, God:TSO, Crypt,
                  | Tomb, Abyss, Pan, Hells, Win
     0 | D:1      | 0 ||| PLANNING D:1-11
    83 | D:1      | Reached XP level 2. HP: 17/17 MP: 2/2
   247 | D:1      | Found Cuizxacw's Weapon Boutique.
   377 | D:1      | 377 ||| FLEEEEING.
   379 | D:1      | 379 ||| FLEEEEING.
   380 | D:1      | 380 ||| FLEEEEING.
   381 | D:1      | 381 ||| FLEEEEING.
   383 | D:1      | 383 ||| FLEEEEING.
   384 | D:1      | 384 ||| FLEEEEING.
   385 | D:1      | 385 ||| FLEEEEING.
   386 | D:1      | 386 ||| FLEEEEING.
   387 | D:1      | 387 ||| FLEEEEING.
   388 | D:1      | 388 ||| FLEEEEING.
   394 | D:1      | 394 ||| FLEEEEING.
   395 | D:1      | 395 ||| FLEEEEING.
   396 | D:1      | 396 ||| FLEEEEING.
   444 | D:1      | Reached XP level 3. HP: 21/21 MP: 3/3
   645 | D:1      | Reached skill level 5 in Ranged Weapons
   987 | D:1      | Found Boast's Antique Armour Boutique.
   995 | D:1      | 995 ||| SHOPLISTING pair of runed boots (187 gold, have
                  | 19).
   995 | D:1      | 995 ||| SHOPLISTING pair of runed gloves (187 gold, have
                  | 19).
   995 | D:1      | 995 ||| SHOPLISTING ring mail (100 gold, have 19).
  1020 | D:1      | 1020 ||| UPGRADING to ring of resist corrosion.
  1021 | D:1      | 1021 ||| READING scroll labelled KEUBBA HOME.
  1168 | D:1      | 1168 ||| READING scroll labelled FAN VEBUSIKLORCH.
  1169 | D:1      | 1169 ||| DROPPING scroll of butterflies.
  1343 | D:2      | Reached skill level 3 in Fighting
  1373 | D:2      | Reached XP level 4. HP: 28/28 MP: 4/4
  1856 | D:2      | 1856 ||| UPGRADING to amulet of regeneration.
  1861 | D:2      | 1861 ||| READING scroll labelled RONYPT GAFOKKA.
  1862 | D:2      | 1862 ||| READING scroll labelled GICKUY JOSKIF.
  1863 | D:2      | 1863 ||| READING scroll labelled GEN ETHEWNYI.
  1864 | D:2      | 1864 ||| DRINKING 3 bubbling sapphire potions.
  1865 | D:2      | 1865 ||| DRINKING 2 puce potions.
  1866 | D:2      | 1866 ||| DROPPING 2 potions of degeneration.
  1909 | D:3      | Noticed Natasha
  1912 | D:3      | 1912 ||| FLEEEEING.
  1913 | D:3      | 1913 ||| FLEEEEING.
  1921 | D:3      | Killed Natasha
  1922 | D:3      | Reached XP level 5. HP: 29/32 MP: 5/5
  1936 | D:3      | Noticed Sigmund
  1952 | D:3      | Reached skill level 6 in Ranged Weapons
  1968 | D:3      | Killed Sigmund
  1969 | D:3      | Reached XP level 6. HP: 14/40 MP: 6/6
  2033 | D:3      | Noticed Natasha
  2069 | D:3      | Killed Natasha
  2474 | D:3      | Noticed Ijyb
  2492 | D:3      | Killed Ijyb
  2626 | D:3      | 2626 ||| UPGRADING to +0 ring mail.
  2636 | D:3      | 2636 ||| DROPPING +0 leather armour.
  2637 | D:3      | 2637 ||| UPGRADING to ring of willpower.
  2638 | D:3      | 2638 ||| READING scroll labelled AMIERU KEILUPI.
  2639 | D:3      | 2639 ||| READING scroll labelled LINYR KEBIPPOG.
  2640 | D:3      | 2640 ||| READING scroll labelled DEWEOL RINNUME.
  2641 | D:3      | 2641 ||| DRINKING 2 amethyst potions.
  2641 | D:3      | Gained mutation: You have a pair of small antennae on your
                  | head. [potion of mutation]
  2673 | D:4      | Noticed Robin
  2683 | D:4      | Killed Robin
  2695 | D:4      | Reached skill level 1 in Armour
  2713 | D:4      | Noticed Pikel
  2721 | D:4      | Noticed Edmund
  2727 | D:4      | HP: 9/40 [lemure[Pikel] (2)]
  2731 | D:4      | HP: 4/40 [lemure[Pikel] (2)]
  2732 | D:4      | Killed Pikel
  2733 | D:4      | Reached skill level 8 in Ranged Weapons
  2733 | D:4      | Reached XP level 7. HP: 6/44 MP: 7/7
  2733 | D:4      | Reached XP level 8. HP: 7/49 MP: 8/8
  2740 | D:4      | HP: 2/49 [Edmund/+2 flail of protection (8)]
  2745 | D:4      | HP: 5/49 [Edmund/+2 flail of protection (1)]
  2746 | D:4      | Killed Edmund
  3159 | D:4      | 3159 ||| DRINKING 2 metallic yellow potions.
  3174 | D:5      | Entered Level 5 of the Dungeon
  3187 | D:5      | Found a staircase to the Ecumenical Temple.
  3188 | D:5      | 3188 ||| PLANNING TEMPLE
  3203 | Temple   | Entered the Ecumenical Temple
  3222 | Temple   | 3222 ||| PLANNING OKAWARU WORSHIP
  3374 | Temple   | Became a worshipper of Warmaster Okawaru
  3374 | Temple   | 3374 ||| PLANNING D:1-11
  3417 | D:5      | Reached skill level 9 in Ranged Weapons
  3501 | D:5      | Reached skill level 6 in Fighting
  3609 | D:5      | Found a stormy altar of Qazlal.
  3624 | D:5      | Reached * piety under Okawaru
  3632 | D:5      | 3632 ||| INVOKING Heroism.
  3639 | D:5      | 3639 ||| Stepping ~*~*~tactically~*~*~ (outnumbered).
  3927 | D:5      | 3927 ||| INVOKING Heroism.
  3934 | D:5      | Reached XP level 9. HP: 56/56 MP: 6/9
  3996 | D:5      | 3996 ||| READING scroll labelled EBLIOXZ FOAD.
  3997 | D:5      | 3997 ||| READING scroll labelled KURGHI FODDECLE.
  3998 | D:5      | 3998 ||| READING scroll labelled LUHAATZ SILIWA.
  3999 | D:5      | 3999 ||| READING scroll labelled MANYMME JEON.
  4000 | D:5      | 4000 ||| DRINKING 2 brown potions.
  4059 | D:6      | Reached skill level 1 in Invocations
  4092 | D:6      | Found a radiant altar of Vehumet.
  4093 | D:6      | 4093 ||| INVOKING Heroism.
  4105 | D:6      | Reached skill level 10 in Ranged Weapons
  4181 | D:6      | Found a white marble altar of Elyvilon.
  4203 | D:6      | 4203 ||| SWAPPING to +0 orcbow.
  4204 | D:6      | 4204 ||| DROPPING +0 sling.
  4205 | D:6      | 4205 ||| DROPPING +1 shortbow of draining.
  4207 | D:6      | Found a hazy altar of Hepliaklqana.
  4269 | D:6      | 4269 ||| INVOKING Heroism.
  4821 | D:6      | 4821 ||| READING scroll labelled YKOADI DUMPU.
  4922 | D:6      | 4922 ||| READING 2 scrolls labelled NICOCOUGEMP.
  4925 | D:6      | 4925 ||| READING 2 scrolls of identify.
  4925 | D:6      | 4925 ||| IDENTIFYING dark potion
  4953 | D:7      | 4953 ||| STAIRDANCE
  4986 | D:7      | 4986 ||| FLEEEEING.
  4987 | D:7      | 4987 ||| STAIRDANCE
  4996 | D:7      | 4996 ||| Stepping ~*~*~tactically~*~*~ (outnumbered).
  5021 | D:7      | Reached skill level 3 in Invocations
  5021 | D:7      | 5021 ||| FLEEEEING.
  5022 | D:7      | 5022 ||| STAIRDANCE
  5043 | D:7      | 5043 ||| INVOKING Heroism.
  5157 | D:7      | Found a runed translucent door.
  5158 | D:7      | Noticed Crazy Yiuf
  5276 | D:7      | Found Hipsuawk's Book Emporium.
  5312 | D:7      | 5312 ||| INVOKING Heroism.
  5362 | D:7      | Noticed Menkaure
  5363 | D:7      | 5363 ||| INVOKING Heroism.
  5367 | D:7      | Killed Menkaure
  5611 | D:7      | 5611 ||| READING 3 scrolls of identify.
  5611 | D:7      | 5611 ||| IDENTIFYING fizzy dark potion
  5612 | D:7      | 5612 ||| READING 2 scrolls of identify.
  5612 | D:7      | 5612 ||| IDENTIFYING pink potion
  5613 | D:7      | 5613 ||| DROPPING potion of brilliance.
  5711 | D:8      | Found a sparkling altar of Nemelex Xobeh.
  5745 | D:8      | 5745 ||| INVOKING Heroism.
  5748 | D:8      | 5748 ||| Stepping ~*~*~tactically~*~*~ (cloud).
  5750 | D:8      | 5750 ||| Stepping ~*~*~tactically~*~*~ (cloud).
  5757 | D:8      | Reached skill level 11 in Ranged Weapons
  5842 | D:8      | 5842 ||| INVOKING Heroism.
  5842 | D:8      | HP: 12/57 [yak (11)]
  5843 | D:8      | 5843 ||| READING 2 scrolls of teleportation.
  5844 | D:8      | 5844 ||| DRINKING potion of heal wounds.
  5852 | D:8      | Reached skill level 3 in Dodging
  5860 | D:8      | Reached XP level 10. HP: 20/64 MP: 11/13
  5863 | D:8      | HP: 14/64 [yak (10)]
  5864 | D:8      | 5864 ||| READING scroll of teleportation.
  5866 | D:8      | HP: 4/64 [yak (13)]
  6035 | D:8      | Reached ** piety under Okawaru
  6221 | D:8      | 6221 ||| Stepping ~*~*~tactically~*~*~ (cloud).
  6224 | D:8      | 6224 ||| INVOKING Heroism.
  6312 | D:8      | 6312 ||| INVOKING Heroism.
  6316 | D:8      | 6316 ||| Stepping ~*~*~tactically~*~*~ (cloud).
  6335 | D:8      | Reached skill level 12 in Ranged Weapons
  6354 | D:8      | Reached skill level 3 in Armour
  6651 | D:8      | 6651 ||| UPGRADING to +0 steam dragon scales.
  6661 | D:8      | 6661 ||| DROPPING +0 ring mail.
  6662 | D:8      | 6662 ||| UPGRADING to +0 cloak.
  6679 | D:8      | 6679 ||| READING 3 scrolls of identify.
  6679 | D:8      | 6679 ||| IDENTIFYING red potion
  6692 | D:8      | 6692 ||| READING 2 scrolls of identify.
  6692 | D:8      | 6692 ||| IDENTIFYING fizzy black potion
  6693 | D:8      | 6693 ||| DROPPING potion of berserk rage.
  6694 | D:8      | 6694 ||| DROPPING potion of ambrosia.
  6739 | D:9      | 6739 ||| STAIRDANCE
  6850 | D:9      | 6850 ||| INVOKING Heroism.
  6877 | D:9      | Found an ornate altar of the Wu Jian Council.
  6906 | D:9      | 6906 ||| INVOKING Heroism.
  6907 | D:9      | 6907 ||| Stepping ~*~*~tactically~*~*~ (outnumbered).
  6939 | D:9      | 6939 ||| Stepping ~*~*~tactically~*~*~ (outnumbered).
  7249 | D:9      | 7249 ||| INVOKING Heroism.
  7250 | D:9      | 7250 ||| Stepping ~*~*~tactically~*~*~ (outnumbered).
  7251 | D:9      | 7251 ||| Stepping ~*~*~tactically~*~*~ (outnumbered).
  7318 | D:9      | Found a staircase to the Lair.
  7329 | D:9      | 7329 ||| INVOKING Heroism.
  7396 | D:9      | 7396 ||| Stepping ~*~*~tactically~*~*~ (outnumbered).
  7398 | D:9      | 7398 ||| Stepping ~*~*~tactically~*~*~ (outnumbered).
  7435 | D:9      | 7435 ||| INVOKING Heroism.
  7446 | D:9      | Reached skill level 13 in Ranged Weapons
  7452 | D:9      | HP: 11/64 [killer bee (10)]
  7453 | D:9      | HP: 1/64 [killer bee (10)]
  7454 | D:9      | Slain by a killer bee

Levels and vault maps discovered:
D:1:      sevenhm_arrival_forest_fort_large_3, layout_basic, serial_shops, shop,
          shop
D:2:      layout_loops_cross, minmay_crystal_water
D:3:      layout_basic, uniq_natasha, uniq_sigmund, uniq_ijyb
D:4:      layout_cave_pools, uniq_robin, uniq_pikel, uniq_edmund
D:5:      kb_forest_paths, layout_rooms, nicolae_qazlal_beasts_of_the_sky,
          minmay_temple_entry_statues_fountains
D:6:      layout_loops_ring, nicolae_hepliaklqana_hazy_memory, vehumet_statue,
          elyvilon_altar_4, dreamdust_princess_bridge, grunt_decor_mini_mirrors
D:7:      layout_rooms, serial_shops, kennysheep_little_box, uniq_menkaure,
          uniq_crazy_yiuf_cottage
D:8:      nicolae_BIG_FREAKIN_CUBE, layout_basic, pf_just_have_faith
D:9:      layout_roguey, pdpol_wu_jian_five_deadly_venoms, david_lair_shrubbed,
          nicolae_looking_at_the_future
Temple:   nicolae_temple_bog_church

Skill      XL: |  1  2  3  4  5  6  7  8  9 10 |
---------------+-------------------------------+-----
Ranged Weapons | 5 6 8 9 11 13 | 13.0
Fighting       | 3 5 6 7 8 |  8.3
Armour         | 1 2 3 |  3.1
Dodging        | 2 3 4 |  4.1
Invocations    | 4 |  4.0
Stealth        | |  1.1

Action                     |  1- 3 |  4- 6 |  7- 9 | 10-12 || total
---------------------------+-------+-------+-------+-------++-------
   Fire: Shortbow          |    94 |   211 |   181 |       ||   486
         Orcbow            |       |       |   173 |   272 ||   445
 Invoke: Heroism           |       |       |     9 |     7 ||    16
    Use: Scroll            |     2 |     6 |    10 |     3 ||    21
         Potion            |       |     3 |     3 |       ||     6
 Armour: Leather armour    |    11 |    35 |       |       ||    46
         Ring mail         |       |    39 |   101 |    11 ||   151
         Steam dragon scal |       |       |       |    60 ||    60
  Dodge: Dodged            |    19 |   116 |   147 |   147 ||   429

Table legend:
 A = Non-vault XP
 B = Vault XP
 C = Vault XP percentage of total XP
 D = Non-vault monster count
 E = Vault monster count
 F = Vault count percentage of total count
                 A         B        C        D         E       F
            +---------+---------+-------+---------+---------+-------
      Total |    6105 |    2513 |  29.2 |     186 |      29 |  13.5
            +---------+---------+-------+---------+---------+-------
        D:1 |      50 |       0 |   0.0 |      26 |       0 |   0.0
        D:2 |      75 |       0 |   0.0 |      20 |       0 |   0.0
        D:3 |     113 |     294 |  72.2 |      24 |       3 |  11.1
        D:4 |      89 |     841 |  90.4 |       9 |      13 |  59.1
        D:5 |     548 |     433 |  44.1 |      21 |       7 |  25.0
        D:6 |     683 |      34 |   4.7 |      17 |       2 |  10.5
        D:7 |     632 |     169 |  21.1 |      13 |       1 |   7.1
        D:8 |    2394 |       0 |   0.0 |      26 |       0 |   0.0
        D:9 |    1521 |     742 |  32.8 |      30 |       3 |   9.1
            +---------+---------+-------+---------+---------+-------
